[Event "*** Titled Tuesday Blitz"]
[Site "Chess.com"]
[Date "2019.10.01"]
[Round "2"]
[White "SanchezKelvin"]
[Black "Tjktiger"]
[Result "0-1"]
[WhiteElo "2520"]
[BlackElo "2810"]
[TimeControl "180+2"]
[EndTime "13:20:25 PDT"]
[Termination "Tjktiger won by resignation"]

1. e4 c5 2. Nf3 g6 3. d4 cxd4 4. Qxd4 Nf6 5. e5 Nc6 6. Qa4 Nd5 7. Qe4 Nb6 8. Nc3 Bg7 9. Bf4 d5 10. exd6 Bf5 11. Qe3 O-O 12. O-O-O exd6 13. Rxd6 Qc8 14.
Bb5 Nb4 15. Nd4 Nxa2+ 16. Nxa2 Bxd4 17. Qd2 Bg7 18. Bd3 Nc4 19. Bxc4 Qxc4 20. Nc3 Rac8 21.
Nd5 Qa2 22. Kd1 Rxc2 0-1

[Event "*** Titled Tuesday Blitz"]
[Site "Chess.com"]
[Date "2019.10.01"]
[Round "2"]
[White "comsac"]
[Black "JoNAs_88"]
[Result "1-0"]
[WhiteElo "2268"]
[BlackElo "2489"]
[TimeControl "180+2"]
[EndTime "13:20:26 PDT"]
[Termination "comsac won by resignation"]

1. e4 c6 2. d4 d5 3. exd5 cxd5 4. Bf4 Nc6 5. c3 Nf6 6. Bd3 g6 7. Nf3 Bg7 8. O-O O-O 9. Nbd2 Bg4 10. Re1 e6 11. Qb1 Bxf3 12. Nxf3 Nd7 13. a4 a6 14. Qc2 Rc8 15. Qe2 Na5 16. Ne5 Nxe5 17. Bxe5 Nc4 18. Bxg7 Kxg7 19. g3 Qf6 20. h4 Rc7 21. h5 Rb8 22. hxg6 hxg6 23. Kg2 b5 24.
axb5 axb5 25. Rh1 b4 26. Bxc4 Rxc4 27. Qd2 Kg8 28. Qh6 Qg7 29. Qf4 Rbc8 30. Rh6 bxc3 31.
bxc3 Rxc3 32. Rah1 Kf8 33. Rh7 1-0

[Event "*** Titled Tuesday Blitz"]
[Site "Chess.com"]
[Date "2019.10.01"]
[Round "2"]
[White "Macron20hTF1"]
[Black "IMDT02"]
[Result "1-0"]
[WhiteElo "2275"]
[BlackElo "2476"]
[TimeControl "180+2"]
[EndTime "13:20:33 PDT"]
[Termination "Macron20hTF1 won by resignation"]

1. g3 f5 2. Bg2 Nf6 3. f4 e6 4. Nf3 d5 5. d3 Bd6 6. O-O O-O 7. Nc3 c5 8. e4 fxe4 9. dxe4 d4 10. e5 dxc3 11. exd6 Ne4 12. Qe2 Nxd6 13. Rd1 Qe7 14. bxc3 Bd7 15. Be3 Nf5 16. Bf2 Bc6 17.
Re1 Re8 18. g4 Nh6 19. Ng5 Bxg2 20. Kxg2 Nd7 21. Nxe6 Qd6 22. Rad1 Qc6+ 23. Qf3 Rxe6 24. Qxc6 Rxc6 25. Rxd7 Nxg4 26. Ree7 Nf6 27. Rxg7+ Kh8 28.
Rxb7 Rb6 29. Bxc5 Rxb7 30. Rxb7 Nd5 31. Bd4+ Kg8 32. Kf3 a5 33. Rg7+ Kf8 34. Rxh7 Rc8 35. Rh8+ 1-0

[Event "*** Titled Tuesday Blitz"]
[Site "Chess.com"]
[Date "2019.10.01"]
[Round "2"]
[White "imdvb6307"]
[Black "babero_gordo"]
[Result "1-0"]
[WhiteElo "2433"]
[BlackElo "2100"]
[TimeControl "180+2"]
[EndTime "13:20:34 PDT"]
[Termination "imdvb6307 won by resignation"]

1. c4 e5 2. Nc3 Nf6 3. Nf3 Nc6 4. e3 Bb4 5. Qc2 O-O 6. Nd5 Nxd5 7. cxd5 Nb8 8. Nxe5 Qf6 9. Nf3 c6 10. Bc4 d6 11. a3 Ba5 12. O-O Re8 13. Rb1 Bc7 14. b4 Bf5 15. Bd3 Bg4 16. Nd4 h6 17. Bb2 Qh4 18. Qc3 Qg5 19. f4 Qf6 20. Rbc1 Bb6 21. dxc6 Nxc6 22. Nxc6 bxc6 23. Qxf6 gxf6 24. Rxc6 d5 25.
Bxf6 d4 1-0

[Event "*** Titled Tuesday Blitz"]
[Site "Chess.com"]
[Date "2019.10.01"]
[Round "2"]
[White "Colombiano07"]
[Black "csati17"]
[Result "0-1"]
[WhiteElo "2211"]
[BlackElo "2482"]
[TimeControl "180+2"]
[EndTime "13:20:35 PDT"]
[Termination "csati17 won by resignation"]

1. e4 e6 2. d4 d5 3. Nc3 Bb4 4. e5 Ne7 5. a3 Bxc3+ 6. bxc3 b6 7. a4 Ba6 8. Bxa6 Nxa6 9. Ba3 c5 10. Nf3 Rc8 11. O-O Nb8 12. a5 Qd7 13. axb6 axb6 14. Ne1 cxd4 15. cxd4 Nbc6 16. c3 Na5 17. Qb1 Nc4 18. Bb4 Nd2 19. Qd3 Nxf1 20. Qxf1 O-O 21. Nd3 Ra8 22. g3 Rxa1 23. Qxa1 Qb7 24. h4 Ra8 25.
Qd1 Nc6 26. Bd6 Qa6 27. Kg2 Qc4 28. Qd2 Ra2 0-1

[Event "*** Titled Tuesday Blitz"]
[Site "Chess.com"]
[Date "2019.10.01"]
[Round "2"]
[White "Marreuh"]
[Black "Natalya_Buksa"]
[Result "0-1"]
[WhiteElo "2102"]
[BlackElo "2439"]
[TimeControl "180+2"]
[EndTime "13:20:50 PDT"]
[Termination "Natalya_Buksa won by resignation"]

1. e4 c5 2. c3 Nf6 3. e5 Nd5 4. d4 cxd4 5. cxd4 Nc6 6. Nf3 d6 7. Bc4 Nb6 8. Bb3 dxe5 9. d5 Na5 10. Nc3 Nxb3 11. Qxb3 g6 12. Nxe5 Bg7 13. Bf4 O-O 14. O-O Bf5 15. Rad1 h6 16. a4 Nd7 17. Nf3 Nc5 18.
Qa3 Rc8 19. Nb5 Qb6 20. b4 Ne4 21. Be3 Qa6 22. Bxa7 Nc3 23. Ra1 Ne2+ 24. Kh1 Bxa1 25. Rxa1 Nc3 26. Nxc3 Qxa7 27. b5 Qc5 28. Qxc5 Rxc5 29.
Ne2 Bg4 30. Ned4 Rxd5 31. Kg1 Ra8 32. Kf1 Bxf3 33. Nxf3 Rxb5 34. axb5 Rxa1+ 35. Ke2 Ra4 36. Nd2 Rb4 0-1

[Event "*** Titled Tuesday Blitz"]
[Site "Chess.com"]
[Date "2019.10.01"]
[Round "2"]
[White "Parhamov"]
[Black "eldur16"]
[Result "1-0"]
[WhiteElo "3032"]
[BlackElo "2626"]
[TimeControl "180+2"]
[EndTime "13:20:56 PDT"]
[Termination "Parhamov won by resignation"]

1. e4 g6 2. d4 Bg7 3. Nc3 d6 4. f4 a6 5. Be3 b5 6. Bd3 Nf6 7. Nf3 Bb7 8. e5 Nd5 9. Nxd5 Bxd5 10. a4 b4 11. c4 bxc3 12. bxc3 Nd7 13. O-O c5 14.
dxc5 Nxc5 15. Bxc5 dxc5 16. Qe2 O-O 17. Be4 Bxe4 18. Qxe4 Qc7 19. h4 e6 20. h5 Rab8 21. hxg6 hxg6 22. Qe3 c4 23. Rfb1 Rfd8 24. Rxb8 Rxb8 25.
Ng5 Qb6 26. Qxb6 Rxb6 27. Rd1 Bh6 28. Rd8+ Kg7 29. Rc8 Bxg5 30. fxg5 Rb2 31. Rxc4 Ra2 32. Kh2 Kf8 33. Kg3 Ke7 34. Kf4 Rf2+ 35. Kg3 Ra2 36. Kf3 Kd7 37. Rd4+ Kc7 38. Rf4 Kc6 39. Rxf7 Kd5 40.
Rf6 Kxe5 41. Rxg6 Rxa4 42. Rf6 Rc4 43. Rf8 Rxc3+ 44. Kg4 Rc4+ 45. Kh5 Rc2 46. g3 Rc3 47. Kh4 Rc4+ 48. g4 a5 49. g6 Rc7 50. Kg5 Ra7 51. Rf7 Ra8 52. g7 Rg8 53. Kg6 a4 54. Kh7 1-0

[Event "*** Titled Tuesday Blitz"]
[Site "Chess.com"]
[Date "2019.10.01"]
[Round "2"]
[White "francyIM"]
[Black "ShadowJolteon"]
[Result "1-0"]
[WhiteElo "2658"]
[BlackElo "2339"]
[TimeControl "180+2"]
[EndTime "13:20:59 PDT"]
[Termination "francyIM won by resignation"]

1. d4 Nf6 2. c4 e6 3. Nc3 Bb4 4. f3 c5 5. a3 Bxc3+ 6. bxc3 d5 7. cxd5 Nxd5 8. dxc5 Qa5 9. e4 Nf6 10. Be3 Qxc3+ 11.
Kf2 O-O 12. Ne2 Qa5 13. h4 Rd8 14. Qc2 e5 15. g4 Nc6 16. g5 Nh5 17. Nc3 Nd4 18. Bxd4 exd4 19. Nb5 a6 20. Nd6 b6 21. Bc4 Rd7 22. Bxf7+ Kh8 23. Bxh5 bxc5 24. Nf7+ Kg8 25.
Qa2 Kf8 26. Ne5 Rc7 27. Qd5 Bb7 28. Qd6+ Kg8 29. Qe6+ Kh8 30. Nf7+ Kg8 31. Kg3 Rf8 32. Nd6+ Kh8 33. Bg4 Qc3 34. Rab1 Ba8 35. Nf7+ Kg8 36.
Ne5+ Kh8 37. Ng6+ hxg6 38. h5 1-0

[Event "*** Titled Tuesday Blitz"]
[Site "Chess.com"]
[Date "2019.10.01"]
[Round "2"]
[White "Tonychess32"]
[Black "H3nriqueTV"]
[Result "1-0"]
[WhiteElo "2451"]
[BlackElo "2136"]
[TimeControl "180+2"]
[EndTime "13:21:00 PDT"]
[Termination "Tonychess32 won by resignation"]

1. e4 c5 2. Nf3 d6 3. d4 cxd4 4. Nxd4 Nf6 5. Nc3 Nc6 6. Bg5 e6 7. Qd2 a6 8. f3 h6 9. Be3 Bd7 10. O-O-O Qc7 11. g4 Ne5 12. h4 b5 13. a3 Be7 14.
Be2 Rc8 15. Kb1 Nc4 16. Bxc4 bxc4 17. g5 Nh5 18. gxh6 gxh6 19. Bxh6 Rb8 20. Ka1 Qb6 21. Rb1 Rxh6 22. Qxh6 Qxd4 23. Qxh5 Bf6 24. Rhd1 Qe3 25. Qa5 Qxf3 26. Rxd6 Bb5 27. a4 Bxa4 28. Qxa4+ Kf8 29. Qxc4 Kg7 30. Rg1+ Kh7 31. Qd3 Qf2 32. e5+ Kh6 33.
Rf1 1-0

[Event "*** Titled Tuesday Blitz"]
[Site "Chess.com"]
[Date "2019.10.01"]
[Round "2"]
[White "Nightlord1"]
[Black "ThePunisherxx"]
[Result "1-0"]
[WhiteElo "2238"]
[BlackElo "2639"]
[TimeControl "180+2"]
[EndTime "13:21:04 PDT"]
[Termination "Nightlord1 won by resignation"]

1. e4 c5 2. c3 d5 3. exd5 Qxd5 4.
d4 e6 5. Nf3 Nf6 6. Na3 Be7 7.
Nb5 Qd8 8. dxc5 Bxc5 9. Qxd8+ Kxd8 10. Bf4 Nd5 11. O-O-O Bd7 12. Rxd5 exd5 13. Nc7 Ke7 14. Nxa8 Bd6 15. Bg3 Bxg3 16. hxg3 Kd6 17. Ng5 Rf8 18.
Rxh7 Nc6 19. Rh8 Rxh8 20. Nxf7+ Ke7 21. Nxh8 Kd8 22. Ng6 Kc8 23. Nf8 Bf5 24. g4 Bxg4 25. f3 Bh5 26. Ne6 Bf7 27. Nac7 Kd7 28. Ng5 Bg6 29. Nb5 a6 30. Nd4 Ne5 31. Kd2 Kd6 32. Be2 a5 33. a4 Nd7 34. b3 Nc5 35. f4 Bb1 36. g4 g6 37. f5 gxf5 38. gxf5 Ke5 39.
Bg4 Kf6 40. Nge6 Ne4+ 41. Kc1 Nf2 42. Kxb1 Nxg4 43. Nc5 b6 44. Nd7+ Kg5 45. Nxb6 Ne3 46. Kb2 Nxf5 47. Nxf5 Kxf5 48. Nxd5 Ke5 49. b4 axb4 50.
cxb4 1-0

[Event "*** Titled Tuesday Blitz"]
[Site "Chess.com"]
[Date "2019.10.01"]
[Round "2"]
[White "Alopekos"]
[Black "novocane"]
[Result "1-0"]
[WhiteElo "2522"]
[BlackElo "2277"]
[TimeControl "180+2"]
[EndTime "13:21:05 PDT"]
[Termination "Alopekos won by resignation"]

1. e4 c5 2. Nc3 Nc6 3. Nge2 e5 4. Nd5 Nf6 5. Nec3 Be7 6. Bc4 O-O 7. a4 d6 8. d3 Nxd5 9. Nxd5 Bg5 10. Be3 Bxe3 11. fxe3 Qh4+ 12. g3 Qh3 13. Qf3 Bg4 14. Qf2 Kh8 15. Kd2 f5 16. Raf1 Rae8 17. Nc7 Re7 18. Ne6 Rf6 19. Ng5 Qh6 20. h3 fxe4 21. hxg4 Qxh1 22. Rxh1 Rxf2+ 23. Ke1 1-0

[Event "*** Titled Tuesday Blitz"]
[Site "Chess.com"]
[Date "2019.10.01"]
[Round "2"]
[White "Aariow"]
[Black "newauto"]
[Result "1-0"]
[WhiteElo "2414"]
[BlackElo "2002"]
[TimeControl "180+2"]
[EndTime "13:21:12 PDT"]
[Termination "Aariow won by checkmate"]

1. Nf3 c6 2. g3 d5 3. Bg2 Nf6 4.
O-O Bf5 5. c4 e6 6. cxd5 cxd5 7.
Qb3 Qc8 8. d3 Nc6 9. Bf4 Be7 10. Rc1 Nd7 11. Nc3 O-O 12. e4 dxe4 13. dxe4 Nc5 14. Qc4 Bg6 15. b4 Nd7 16. a3 e5 17. Be3 a6 18. Nd5 Bd8 19. Nd2 Kh8 20. Bh3 f5 21. Qb3 Qb8 22. Qb1 Nd4 23. Bxd4 exd4 24. exf5 Be8 25. Nf4 Bf7 26. Ne6 Re8 27.
Ne4 Bb6 28. N4g5 Bg8 29. Qe4 Nf6 30. Qh4 Qd6 31. Nf4 h5 32. Ng6# 1-0

[Event "*** Titled Tuesday Blitz"]
[Site "Chess.com"]
[Date "2019.10.01"]
[Round "2"]
[White "adriangschnitzer"]
[Black "DrMelekess"]
[Result "1-0"]
[WhiteElo "2522"]
[BlackElo "2724"]
[TimeControl "180+2"]
[EndTime "13:21:17 PDT"]
[Termination "adriangschnitzer won by resignation"]

1. e4 Nc6 2. Nf3 d5 3. exd5 Qxd5 4. Nc3 Qa5 5. Bb5 Bd7 6. a3 O-O-O 7. O-O a6 8. b4 Nxb4 9. axb4 Qxa1 10. Bxd7+ Rxd7 11. Ne5 Nf6 12. Nxd7 Kxd7 13. Qf3 c6 14. Qd3+ Kc8 15. Qc4 e6 16. Qb3 a5 17. Ba3 Qxf1+ 18. Kxf1 axb4 19.
Bxb4 Bxb4 20. Qxb4 Rd8 21. Ne4 Nxe4 22. Qxe4 g6 23.
Ke2 h5 24. Qf4 Rd7 25. d4 b6 26. f3 Kb7 27. g4 1-0

[Event "*** Titled Tuesday Blitz"]
[Site "Chess.com"]
[Date "2019.10.01"]
[Round "2"]
[White "Jospem"]
[Black "biostatistician"]
[Result "1-0"]
[WhiteElo "2871"]
[BlackElo "2585"]
[TimeControl "180+2"]
[EndTime "13:21:18 PDT"]
[Termination "Jospem won on time"]

1. c4 Nf6 2. Nf3 g6 3. g3 Bg7 4.
Bg2 b6 5. O-O Bb7 6. d3 O-O 7. e4 c5 8. Nc3 Nc6 9. h3 Ne8 10. Be3 Nc7 11. d4 cxd4 12. Nxd4 Ne6 13. Nde2 Rc8 14. b3 Nc5 15. Qd2 d6 16. Rad1 a6 17.
Nd5 b5 18. b4 Ne6 19. cxb5 axb5 20. f4 Ra8 21. f5 Nc7 22. Bb6 Rc8 23. g4 Qd7 24.
Bxc7 Rxc7 25. g5 Be5 26. h4 Rcc8 27. Nb6 Qc7 28. Nxc8 Rxc8 29. h5 gxh5 30. Bf3 h4 31. g6 hxg6 32. fxg6 fxg6 33. Qg5 e6 34. Bg4 Qb6+ 35.
Kg2 Ne7 36. Bxe6+ 1-0

[Event "*** Titled Tuesday Blitz"]
[Site "Chess.com"]
[Date "2019.10.01"]
[Round "2"]
[White "MikeSailer"]
[Black "DrRiebert"]
[Result "0-1"]
[WhiteElo "2091"]
[BlackElo "2429"]
[TimeControl "180+2"]
[EndTime "13:21:19 PDT"]
[Termination "DrRiebert won by checkmate"]

1. b4 e5 2. Bb2 d6 3. e3 f5 4. Nf3 Be6 5. d4 e4 6. Nfd2 d5 7. c4 Bxb4 8. Qa4+ Nc6 9. cxd5 Bxd5 10. Bb5 Qe7 11. O-O Nf6 12. Nc4 O-O 13. a3 Bd6 14.
Nxd6 Qxd6 15. Nc3 a6 16. Nxd5 Nxd5 17. Bxc6 bxc6 18. Rac1 Rf6 19. Rc5 Rh6 20. g3 f4 21.
exf4 Nxf4 22. gxf4 Qxf4 23. Qb3+ Kh8 24. h3 Re8 25.
Bc1 e3 26. Bxe3 Rg6+ 27. Rg5 Rxg5+ 28. Kh1 Qf3+ 29. Kh2 Qg2# 0-1

[Event "*** Titled Tuesday Blitz"]
[Site "Chess.com"]
[Date "2019.10.01"]
[Round "2"]
[White "KhazarBabazada"]
[Black "dmosesov"]
[Result "1-0"]
[WhiteElo "2846"]
[BlackElo "2555"]
[TimeControl "180+2"]
[EndTime "13:21:20 PDT"]
[Termination "KhazarBabazada won by resignation"]

1. e4 c5 2. Nf3 d6 3. d4 cxd4 4. Nxd4 Nf6 5. Nc3 Nc6 6. Bg5 Bd7 7. Qd2 h6 8. Bh4 Nxd4 9. Qxd4 g5 10. Bg3 Bg7 11. Bc4 O-O 12. O-O Rc8 13. Bb3 Qa5 14. Rad1 Nh5 15. Qe3 Nxg3 16. hxg3 Bxc3 17. bxc3 Qxc3 18.
Qxa7 Bc6 19. Rfe1 Ra8 20. Qb6 Qc5 21. Qxc5 dxc5 22. f4 Rfd8 23. Kf2 Rxd1 24. Rxd1 Bxe4 25. Re1 c4 26. Bxc4 Bg6 27. Rxe7 Rc8 28. Bb3 Bxc2 29. Bxf7+ Kf8 30. Rxb7 Be4 31. Ra7 Rc2+ 32. Ke3 Bxg2 33.
f5 Rc3+ 34. Kd4 Rf3 35. Be6 Bh3 36. Ke5 Bxf5 37. Bxf5 Rxg3 38. Kf6 Re3 39. a4 1-0

[Event "*** Titled Tuesday Blitz"]
[Site "Chess.com"]
[Date "2019.10.01"]
[Round "2"]
[White "Spring199"]
[Black "Taron_Shagbazyan"]
[Result "0-1"]
[WhiteElo "2373"]
[BlackElo "2768"]
[TimeControl "180+2"]
[EndTime "13:21:21 PDT"]
[Termination "Taron_Shagbazyan won by checkmate"]

1. d4 Nf6 2. c4 e6 3. Nf3 d5 4. g3 Be7 5. Bg2 O-O 6. O-O dxc4 7.
Qc2 b5 8. Ne5 Qxd4 9. Bxa8 Qxe5 10. Bf3 Na6 11. Bf4 Qc5 12. Nc3 Nb4 13. Qc1 a6 14. a3 Nbd5 15. Nxd5 exd5 16. Be5 c6 17. Qf4 Re8 18. Rad1 a5 19. h4 b4 20. h5 h6 21.
g4 Nh7 22. Bd4 Qd6 23. Qd2 Ng5 24. axb4 axb4 25. Be3 Bf6 26. Rc1 b3 27. Rxc4 Rxe3 28.
Rxc6 Qxc6 29. Bxd5 Qd7 30. fxe3 Qxg4+ 31. Bg2 Bb7 32.
e4 Bxe4 33. Rf2 Nh3+ 34. Kf1 Nxf2 35. Bxe4 Nxe4 36. Qb4 Qf4+ 37. Ke1 Qc1# 0-1

[Event "*** Titled Tuesday Blitz"]
[Site "Chess.com"]
[Date "2019.10.01"]
[Round "2"]
[White "JSPrepz"]
[Black "LazarusChess92"]
[Result "1-0"]
[WhiteElo "2841"]
[BlackElo "2543"]
[TimeControl "180+2"]
[EndTime "13:21:23 PDT"]
[Termination "JSPrepz won by resignation"]

1. e4 c5 2. Nf3 d6 3. Nc3 Nf6 4. e5 dxe5 5. Nxe5 a6 6. g3 Qd6 7. Nc4 Qc6 8. Rg1 Bg4 9. Be2 Bxe2 10. Qxe2 e6 11. d3 Be7 12. Bg5 O-O 13. O-O-O b5 14. Ne5 Qc7 15. f4 Nc6 16. Nxc6 Qxc6 17. Ne4 Nd5 18.
c4 Nf6 19. Nxf6+ gxf6 20. Bh6 Kh8 21. Bxf8 Bxf8 22. Qe4 Qe8 23. f5 e5 24. Kb1 Rd8 25. g4 Bh6 26. h4 Rd4 27. Qb7 Be3 28. Rge1 Bf2 29. Re4 bxc4 30. Rxd4 cxd4 31. Qxa6 cxd3 32.
Qxf6+ Kg8 33. Qg5+ Kh8 34. f6 Qf8 35. Qxe5 1-0

[Event "*** Titled Tuesday Blitz"]
[Site "Chess.com"]
[Date "2019.10.01"]
[Round "2"]
[White "benhal"]
[Black "raviteja81293"]
[Result "0-1"]
[WhiteElo "2307"]
[BlackElo "2609"]
[TimeControl "180+2"]
[EndTime "13:21:24 PDT"]
[Termination "raviteja81293 won by resignation"]

1. e4 c6 2. d4 d5 3. Nd2 dxe4 4. Nxe4 Nf6 5. Nxf6+ exf6 6. Bd3 Qxd4 7. Ne2 Qd8 8.
O-O Bd6 9. Ng3 O-O 10. Qh5 g6 11.
Qh6 Re8 12. Bd2 Nd7 13. Rae1 Rxe1 14. Rxe1 Ne5 15. Bf1 Be6 16. h3 Bf8 17. Qf4 Bg7 18. Bc3 Qd6 19. Ne4 Qe7 20. Nxf6+ Qxf6 21. Qxf6 Bxf6 22.
Bxe5 Kg7 23. Bxf6+ Kxf6 24. a3 Rd8 25. Bd3 a5 26. f3 h5 27. Kf2 h4 28. Re4 g5 29. Ra4 b6 30. b4 Rd4 31. Ke3 Ke5 32. c3 Rxd3+ 33. Kxd3 Bb3 34. bxa5 Bxa4 35. axb6 Kd6 36.
c4 c5 37. b7 Kc7 38. Ke4 Bd7 39. Ke5 f5 40. Kf6 g4 41. fxg4 fxg4 42. hxg4 Bxg4 43. Kg5 h3 44. gxh3 Bxh3 45. Kf4 Kxb7 46. Ke4 Be6 47.
Ke5 Bxc4 48. Kd6 Kb6 49. a4 Ba6 50. a5+ Kb5 51. Kd5 c4 52. Kd4 Kxa5 53. Kc3 0-1

[Event "*** Titled Tuesday Blitz"]
[Site "Chess.com"]
[Date "2019.10.01"]
[Round "2"]
[White "DonPreuss"]
[Black "cukus"]
[Result "0-1"]
[WhiteElo "2218"]
[BlackElo "2488"]
[TimeControl "180+2"]
[EndTime "13:21:25 PDT"]
[Termination "cukus won on time"]

1. d4 Nf6 2. Nc3 d5 3. e4 dxe4 4. f3 exf3 5. Nxf3 g6 6. Bd3 Bg7 7.
O-O O-O 8. Qe1 b6 9. Qh4 Bb7 10.
Bh6 Bxf3 11. Rxf3 Bxh6 12. Qxh6 Qxd4+ 13. Kh1 Ng4 14. Qh4 Qd7 15. Raf1 Nc6 16. Rh3 h5 17.
Rg3 Nce5 18. h3 Nf6 19. Ne4 Nxd3 20. Rxf6 Ne5 21. Qxh5 Qd4 22. Qh4 Kg7 23. Qf4 Nd3 24.
cxd3 exf6 25. Qxc7 Qe5 26. Qc6 f5 0-1

[Event "*** Titled Tuesday Blitz"]
[Site "Chess.com"]
[Date "2019.10.01"]
[Round "2"]
[White "Durarbayli"]
[Black "ENEASZ"]
[Result "1-0"]
[WhiteElo "2810"]
[BlackElo "2524"]
[TimeControl "180+2"]
[EndTime "13:21:27 PDT"]
[Termination "Durarbayli won by resignation"]

1. e4 d6 2. d4 Nf6 3. Nc3 e5 4. dxe5 dxe5 5. Qxd8+ Kxd8 6. Bc4 Be6 7. Bxe6 fxe6 8. Be3 Bd6 9. Nf3 Ke7 10. h3 a6 11.
a3 Nbd7 12. Ke2 b5 13. Rhd1 Rhb8 14. g4 Nb6 15. g5 Nh5 16. b3 Nd7 17. a4 b4 18. Nb1 Nf4+ 19. Bxf4 exf4 20. Nbd2 Be5 21.
Rab1 Bc3 22. Nc4 Ke8 23. Nd4 Nc5 24. Kf3 Rd8 25. Nc6 Rxd1 26. Rxd1 e5 27. N4xe5 Ne6 28. h4 Kf8 29. Kg4 Re8 30. Rd5 Kg8 31. h5 h6 32.
g6 Rf8 33. f3 Re8 34. a5 Rf8 35. Ne7+ 1-0

[Event "*** Titled Tuesday Blitz"]
[Site "Chess.com"]
[Date "2019.10.01"]
[Round "2"]
[White "FranciscodelaF"]
[Black "AndrewMcStone"]
[Result "1-0"]
[WhiteElo "2454"]
[BlackElo "2141"]
[TimeControl "180+2"]
[EndTime "13:21:29 PDT"]
[Termination "FranciscodelaF won by resignation"]

1. d4 Nf6 2. c4 Nc6 3. Nf3 e6 4. e3 Bb4+ 5. Bd2 Qe7 6. Bd3 Bxd2+ 7. Qxd2 O-O 8. O-O d6 9. e4 e5 10. d5 Nb8 11. Nc3 a5 12. a3 a4 13. Bc2 Bd7 14. Qd1 Na6 15. Bxa4 Bxa4 16. Qxa4 Nh5 17. Qc2 g6 18.
Ne1 f5 19. f3 Nf4 20. Nd3 Qg5 21. Nxf4 Qxf4 22. Rae1 Rf7 23. Qc1 Qh4 24. b4 Raf8 25. Qe3 f4 26. Qf2 Qe7 27. Rc1 g5 28. Qe2 h5 29. Na4 Rg7 30. c5 g4 31. c6 gxf3 32. Rxf3 Qg5 33. Rc2 b5 34. Nc3 h4 35. h3 Nb8 36. Nxb5 Qh5 37. Rxf4 Qxe2 38. Rxf8+ Kxf8 39. Rxe2 1-0

[Event "*** Titled Tuesday Blitz"]
[Site "Chess.com"]
[Date "2019.10.01"]
[Round "2"]
[White "Atanejhad"]
[Black "Slovak_fighter2000"]
[Result "1-0"]
[WhiteElo "2220"]
[BlackElo "2448"]
[TimeControl "180+2"]
[EndTime "13:21:30 PDT"]
[Termination "Atanejhad won by resignation"]

1. d4 d6 2. c4 Nf6 3. Nf3 g6 4.
Nc3 Bg7 5. e4 O-O 6. Be2 c5 7.
d5 e6 8. h3 exd5 9. exd5 Na6 10. O-O Nc7 11. Bf4 Bf5 12. Re1 Ne4 13. Nxe4 Bxe4 14. Nd2 Bf5 15. g4 Bd7 16. Bxd6 Bxb2 17. Rb1 Bd4 18. Bxf8 Qxf8 19. Bf3 b6 20. Bg2 Qd6 21.
Nf3 Bf6 22. Qd3 Kg7 23. Re2 h6 24. Rbe1 b5 25. Re4 b4 26. h4 g5 27. hxg5 hxg5 28.
Qe3 Rh8 29. Nxg5 Qh2+ 30. Kf1 Ne8 31. Nf3 Qh7 32. g5 Bc3 33. Rc1 Nd6 34. Rf4 Bh3 35. Rh4 Bxg2+ 36. Kxg2 Qg6 37. Rxc3 bxc3 38. Qxc3+ f6 39.
Qxf6+ Qxf6 40. gxf6+ Kg8 41. Rxh8+ Kxh8 42. Ne5 Ne4 43.
f3 Nxf6 44. d6 Kg7 45. d7 1-0

[Event "*** Titled Tuesday Blitz"]
[Site "Chess.com"]
[Date "2019.10.01"]
[Round "2"]
[White "misha_melnichuk"]
[Black "Bryakin_Mikhail"]
[Result "1-0"]
[WhiteElo "2528"]
[BlackElo "2747"]
[TimeControl "180+2"]
[EndTime "13:21:31 PDT"]
[Termination "misha_melnichuk won by resignation"]

1. Nf3 d5 2. g3 c6 3. Bg2 Nf6 4.
O-O Bf5 5. d4 e6 6. c4 h6 7. b3 Be7 8. Bb2 O-O 9. Nc3 Nbd7 10. e3 a5 11. Qe2 Ne4 12. Rfd1 Qb6 13. Nxe4 Bxe4 14. Ne1 Bxg2 15. Kxg2 a4 16. c5 Qc7 17. b4 b5 18. Nd3 Rfd8 19. a3 Bf6 20. f4 Be7 21. Qf3 Nf6 22. g4 Ne4 23. Nf2 f5 24. Nxe4 dxe4 25. Qh3 Rd5 26. Kh1 Kh7 27. Rg1 g6 28.
Rg2 Rg8 29. Rag1 Qd7 30. Rg3 Bf8 31. Qg2 Qf7 32. g5 hxg5 33. Rxg5 Bh6 34. Rg3 Qf6 35. Rh3 g5 36. fxg5 Rxg5 37. Qxg5 Qxg5 38. Rxg5 1-0

[Event "*** Titled Tuesday Blitz"]
[Site "Chess.com"]
[Date "2019.10.01"]
[Round "2"]
[White "cherryandmint"]
[Black "maxip32"]
[Result "1-0"]
[WhiteElo "2760"]
[BlackElo "2508"]
[TimeControl "180+2"]
[EndTime "13:21:31 PDT"]
[Termination "cherryandmint won by resignation"]

1. e4 c5 2. Nf3 d6 3. d4 cxd4 4. Nxd4 Nf6 5. Nc3 a6 6. g3 e5 7. Nde2 Nbd7 8. a4 Be7 9. Bg2 O-O 10. O-O b6 11. h3 Bb7 12. Be3 Rc8 13. g4 Nc5 14. Ng3 g6 15. Qd2 Ne6 16. Rac1 Re8 17. Rfe1 Rc4 18. b3 Rc8 19. Nd5 Nxd5 20. exd5 Nf4 21.
Bxf4 exf4 22. Qxf4 b5 23. axb5 axb5 24. c4 bxc4 25.
bxc4 Bf8 26. Rxe8 Qxe8 27. Ne4 Qd8 28. g5 Bg7 29. Nf6+ Bxf6 30. gxf6 Qf8 31. Re1 Ba6 32.
Bf1 h6 33. Re7 g5 34. Qxd6 Bxc4 35. Bxc4 Rxc4 36. Qd7 Rc8 37. Kg2 Rd8 38. Qf5 Ra8 39. h4 gxh4 40. d6 Kh8 41. d7 Qg8+ 42. Kh2 Qb8+ 43.
Qe5 1-0

[Event "*** Titled Tuesday Blitz"]
[Site "Chess.com"]
[Date "2019.10.01"]
[Round "2"]
[White "anon132639"]
[Black "jorquerino"]
[Result "1-0"]
[WhiteElo "2681"]
[BlackElo "2343"]
[TimeControl "180+2"]
[EndTime "13:21:32 PDT"]
[Termination "anon132639 won on time"]

1. d4 d5 2. c4 Bf5 3. Nc3 e6 4. Nf3 Nf6 5. Bg5 c6 6. e3 Be7 7. Bd3 Bg4 8. h3 Bh5 9. O-O Nbd7 10. Rc1 Bg6 11. Bxg6 hxg6 12. Qe2 O-O 13. Rfd1 Re8 14.
Bf4 Nb6 15. c5 Nbd7 16. e4 dxe4 17. Nxe4 Nxe4 18. Qxe4 Nf6 19. Qe2 Nd5 20. Bg3 Bg5 21.
Rc2 Bf4 22. Bxf4 Nxf4 23. Qe4 Nd5 24. Ne5 Qg5 25. Nc4 Re7 26. Re2 Qf4 27. Qc2 Qc7 28.
g3 Rd8 29. f4 b6 30. Ne5 b5 31.
h4 a6 32. Qe4 Rc8 33. Qf3 Rd8 34. h5 gxh5 35. Qxh5 g6 36. Qh6 Nf6 37. Rh2 Nh5 38.
g4 1-0

[Event "*** Titled Tuesday Blitz"]
[Site "Chess.com"]
[Date "2019.10.01"]
[Round "2"]
[White "WPWPWP-2015"]
[Black "moro182"]
[Result "0-1"]
[WhiteElo "2474"]
[BlackElo "2709"]
[TimeControl "180+2"]
[EndTime "13:21:33 PDT"]
[Termination "moro182 won by resignation"]

1. e4 e5 2. Nf3 Nc6 3. Bb5 a6 4.
Ba4 Nge7 5. c3 g6 6. O-O Bg7 7. Re1 O-O 8. h3 d6 9. d3 b5 10. Bb3 h6 11. Nbd2 Kh7 12. a4 Rb8 13. axb5 axb5 14.
Nf1 f5 15. Ne3 f4 16. Nd5 g5 17. Nh2 Nxd5 18. exd5 Ne7 19. d4 Bf5 20. dxe5 dxe5 21. Nf3 Qd6 22. Ra6 Qxa6 23. Nxe5 Qd6 24. Nf3 c5 25. h4 g4 26. Nh2 c4 27. Bc2 g3 28.
fxg3 fxg3 29. Nf3 Nxd5 30. h5 Rbd8 31. Nh4 Bxc2 32. Qxc2+ Kg8 33. Nf5 Qb6+ 34. Kh1 Qf2 35. Nxh6+ Bxh6 36. Qg6+ Bg7 37. Qe6+ Kh8 38. h6 Qf1+ 0-1

[Event "*** Titled Tuesday Blitz"]
[Site "Chess.com"]
[Date "2019.10.01"]
[Round "2"]
[White "Frolik67"]
[Black "pedroholly22"]
[Result "1/2-1/2"]
[WhiteElo "2589"]
[BlackElo "2309"]
[TimeControl "180+2"]
[EndTime "13:21:34 PDT"]
[Termination "Game drawn by repetition"]

1. e4 e6 2. d3 d5 3. c3 Nf6 4.
Nd2 c5 5. Ngf3 Be7 6. g3 O-O 7. Bg2 Nc6 8. O-O b5 9. Re1 Qc7 10.
Nf1 b4 11. Bf4 Qb6 12. e5 Nd7 13. c4 dxc4 14. dxc4 Rd8 15. Qc2 Bb7 16. Ne3 Nf8 17. Ng4 Ng6 18. h4 Nd4 19. Nxd4 Rxd4 20. Be4 Bxh4 21.
Nh2 Be7 22. Nf3 Rdd8 23. Rad1 a5 24. b3 Qc7 25. Nd2 Rd4 26. Nf3 Rxe4 27. Rxe4 Bxe4 28. Qxe4 Rd8 29. Rxd8+ Qxd8 30. Qb7 h5 31. Be3 h4 32. gxh4 Nxh4 33. Nxh4 Bxh4 34. Bxc5 Qd1+ 35. Kh2 Qh5 36. Qa8+ Kh7 37. Qe4+ g6 38. Kg2 Bd8 39. Be3 Kg7 40. Qf4 g5 41. Qd4 Be7 42. c5 Bxc5 43. Qxc5 Qg4+ 44. Kh2 Qh4+ 45. Kg1 Qg4+ 46. Kf1 Qd1+ 47. Kg2 Qg4+ 48. Kh1 Qh3+ 49. Kg1 Qg4+ 50. Kh2 Qh4+ 51. Kg2 Qg4+ 1/2-1/2